 Dungeon Crawl Stone Soup version 0.26-a0-597-gb535b0901c (webtiles) character file.

Game seed: 12354573204813439395

299 graki42 the Magician (level 6, 0/32 HPs)
             Began as a Deep Elf Fire Elementalist on Sept 2, 2020.
             Slain by an orc wizard
             ... wielding a +0 dagger
              (2 damage)
             ... on level 4 of the Dungeon.
             The game lasted 00:10:44 (3243 turns).

graki42 the Magician (Deep Elf Fire Elementalist)   Turns: 3243, Time: 00:10:45

Health: 0/32       AC:  2    Str:  7    XL:     6   Next: 13%
Magic:  16/16      EV: 13    Int: 20    God:
Gold:   184        SH:  0    Dex: 15    Spells: 8/15 levels left

rFire    . . .     SeeInvis .   f - +1 dagger (protect)
rCold    . . .     Faith    .   (no shield)
rNeg     . . .     Spirit   .   a - +0 robe
rPois    .         Reflect  .   (no helmet)
rElec    .         Harm     .   (no cloak)
rCorr    .                      (no gloves)
MR       .....                  (no boots)
Stlth    +.........             n - amulet of inaccuracy (curse)
HPRegen  0.10/turn              (no ring)
MPRegen  0.15/turn              (no ring)

@: hasted, slow
A: no striking features
a: no special abilities


You were on level 4 of the Dungeon.
You visited 1 branch of the dungeon, and saw 4 of its levels.

You collected 184 gold pieces.

Inventory:

Hand Weapons
 f - a +1 dagger of protection (weapon)
Armour
 a - a +0 robe (worn)
 c - a +0 leather armour of cold resistance
Jewellery
 n - a cursed amulet of inaccuracy (around neck)
Scrolls
 b - a scroll of immolation
 d - a scroll of identify
 e - a scroll of teleportation
 g - a scroll of fear
 h - a scroll of magic mapping
 i - 3 scrolls of enchant armour
 k - 2 scrolls of remove curse {unknown}
 o - a scroll of random uselessness {unknown}
 p - a scroll of enchant weapon {unknown}
 r - a scroll of noise {unknown}
Potions
 j - a potion of flight {unknown}
 l - a potion of curing {unknown}
 q - 2 potions of lignification {unknown}


   Skills:
 - Level 3.0 Dodging
 - Level 3.0 Stealth
 + Level 5.4 Spellcasting
 + Level 3.4 Conjurations
 + Level 5.1 Fire Magic


You had 8 spell levels left.
You knew the following spells:

 Your Spells              Type           Power        Failure   Level
a - Foxfire               Conj/Fire      ###.         1%          1
b - Conjure Flame         Conj/Fire      ###.....     6%          3
c - Inner Flame           Hex/Fire       ###.....     12%         3

Your spell library contained the following spells:

 Spells                   Type           Power        Failure   Level
 Sticky Flame             Conj/Fire      ###.....     19%         4
 Fireball                 Conj/Fire      ###.......   47%         5


Dungeon Overview and Level Annotations

Branches:
Dungeon (4/15)
 Temple: D:4-7

Altars:

Portals:
Sewer: D:4

Annotations:
D:4 Edmund, Sigmund


Message History

You hear some strange, mumbled words.
A puff of flame appears from out of thin air!
The puff of flame hits you!
* * * LOW HITPOINT WARNING * * *
You enter the shallow water.
Moving in this stuff is going to be slow.
Something hits you.
* * * LOW HITPOINT WARNING * * *
Found a glowing drain.
A magic dart appears from out of thin air!
The magic dart hits you.
* * * LOW HITPOINT WARNING * * *
You barely miss the adder. The adder bites you.
* * * LOW HITPOINT WARNING * * *
The adder barely misses you.
Casting: Conjure Flame (dangerous; 6% risk of failure)
Confirm with . or Enter, or press ? or * to list all spells.
Okay, then.
It was a potion of haste.
You feel yourself speed up. Something hits you.
You die...

**,,,,,,,*,,,,,***,,*
**,**,,,,*,,,,,#≈#,,*
*,,***,**,,,,,,#∩#,,*
,,** *,**,,,,,,#≈#,,*
*** **,,,,,.>.,#≈#,,*
*#.,****,..,#≈#,** #
*#...#* **.[,#≈#**
###..*..* *#.*#S#
#.>.**#.#* #.*#@#
..#** *..## #.##{#
.######*..# #..#o#
..@...###.# *#..o#
...##w.oZ.####.###
Z..######...##o##
...#* ###o....# ....#
##....# ....#####
#..@.#


You could see an adder and 2 orcs.

Vanquished Creatures
  An ogre (D:3)
  A bullfrog (D:3)
  An orc priest (D:3)
  A worker ant (D:3)
  4 adders
  2 oozes
  4 leopard geckos
  2 orcs (D:3)
  2 ball pythons
  3 giant cockroaches
  2 hobgoblins
  4 jackals (D:1)
  6 bats
  3 frilled lizards
  7 goblins
  7 kobolds
  8 rats
58 creatures vanquished.

Vanquished Creatures (others)
  172 foxfires
172 creatures vanquished.

Grand Total: 230 creatures vanquished

Notes
Turn   | Place    | Note
-------+----------+-------------------------------------------
     0 | D:1      | graki42 the Deep Elf Fire Elementalist began the quest for
                  | the Orb.
     0 | D:1      | Reached XP level 1. HP: 10/10 MP: 6/6
   309 | D:1      | Reached XP level 2. HP: 15/15 MP: 6/8
   922 | D:1      | Reached XP level 3. HP: 19/19 MP: 8/10
  1405 | D:2      | Learned a level 3 spell: Conjure Flame
  1409 | D:2      | Learned a level 3 spell: Inner Flame
  1972 | D:3      | Noticed a bullfrog
  1978 | D:3      | Killed a bullfrog
  1978 | D:3      | Reached XP level 4. HP: 24/24 MP: 7/12
  2109 | D:3      | Noticed an ogre
  2124 | D:3      | Killed an ogre
  2124 | D:3      | Reached skill level 5 in Spellcasting
  2124 | D:3      | Reached XP level 5. HP: 12/28 MP: 4/14
  2316 | D:3      | Reached skill level 5 in Fire Magic
  2823 | D:3      | You fall into a shaft and drop 1 floor!
  2827 | D:4      | Reached XP level 6. HP: 32/32 MP: 13/15
  2832 | D:4      | Noticed Edmund
  3188 | D:4      | Noticed Sigmund
  3240 | D:4      | Found a glowing drain.
  3243 | D:4      | Slain by an orc wizard

Illustrated notes

Levels and vault maps discovered:
D:1:      dpeg_arrival_stonehenge_8_columns, layout_loops_corners
D:2:      layout_basic
D:3:      layout_loops_corners, kennysheep_cluttered_room
D:4:      layout_rooms, portal_sewer_entry_d, uniq_edmund, uniq_sigmund

Skill      XL: |  1  2  3  4  5 |
---------------+----------------+-----
Fire Magic     | 4 5 |  5.1
Stealth        | 3 |  3.0
Dodging        | 3 |  3.0
Spellcasting   | 4 5 |  5.4
Conjurations   | 2 3 |  3.4

Action                   |  1- 3 |  4- 6 || total
-------------------------+-------+-------++-------
Melee: Unarmed           |     2 |       ||     2
       Dagger            |     4 |    24 ||    28
 Cast: Foxfire           |    65 |    38 ||   103
       Conjure Flame     |       |     3 ||     3
  Use: Scroll            |       |     5 ||     5
       Potion            |       |     1 ||     1
 Stab: Sleeping          |     2 |     3 ||     5
Armor: Robe              |     3 |     7 ||    10
Dodge: Dodged            |    14 |    31 ||    45

Table legend: (Time is in decaauts)
 A = Elapsed time spent in this place.
 B = Non-inter-level travel time spent in this place.
 C = Inter-level travel time spent in this place.
 D = Time resting spent in this place.
 E = Time spent auto-exploring this place.
 F = Levels seen in this place.
 G = Mean time per level.
                   A        B        C        D        E       F      G
               +--------+--------+--------+--------+--------+-----+--------+
         Total |   3244 |   3191 |     53 |    488 |   2154 |   4 |  811.0 |
       Dungeon |   3244 |   3191 |     53 |    488 |   2154 |   4 |  811.0 |
               +--------+--------+--------+--------+--------+-----+--------+

Top non-repeatable levels by time:
     D:3: 1225 daAuts
     D:1: 1135 daAuts
     D:2: 790 daAuts
     D:4: 92 daAuts
